[Event "Early-Titled-Tuesday-Blitz-March-19-2024"]
[Site "Chess.com"]
[Date "2024.03.19"]
[Round "6"]
[White "Misterfox120"]
[Black "FARIZA2018"]
[Result "0-1"]
[WhiteElo "2418"]
[BlackElo "2565"]
[TimeControl "180+1"]
[EndTime "9:06:06 PDT"]
[Termination "FARIZA2018 won by resignation"]

1. d4 Nf6 2. Bf4 d5 3. e3 c5 4. Nf3 Nc6 5. Nbd2 e6 6. c3 Bd6 7. Bg3 O-O 8. Bd3 b6 9. Qe2 Bb7 10. Rd1 Qc7 11. Bxd6 Qxd6 12. e4 dxe4 13. Nxe4 Nxe4 14.
Qxe4 f5 15. Qh4 cxd4 16. O-O Qd8 17. Qf4 Qf6 18. cxd4 Nb4 19. Bc4 Nd5 20. Qe5 Rac8 21. Bb3 Rfd8 22. Rfe1 Qxe5 23. Rxe5 Rd6 24. Rde1 Nf4 25.
Rxe6 Nxe6 26. Rxe6 Bd5 27. Rxd6 Rc1+ 0-1

[Event "Early-Titled-Tuesday-Blitz-March-19-2024"]
[Site "Chess.com"]
[Date "2024.03.19"]
[Round "6"]
[White "PeshkaCh"]
[Black "AnishOnYoutube"]
[Result "0-1"]
[WhiteElo "2841"]
[BlackElo "3034"]
[TimeControl "180+1"]
[EndTime "9:06:09 PDT"]
[Termination "AnishOnYoutube won by checkmate"]

1. Nf3 Nf6 2. d4 d5 3. c4 e6 4. Nc3 c6 5. cxd5 exd5 6. Bg5 Be7 7. e3 Bf5 8. Bd3 Bxd3 9. Qxd3 Nbd7 10. O-O O-O 11.
Rab1 a5 12. a3 a4 13. Rfe1 Re8 14. Bxf6 Nxf6 15. e4 dxe4 16. Nxe4 Nxe4 17. Rxe4 Bf6 18. Rbe1 Qd7 19. Rxe8+ Rxe8 20. Rxe8+ Qxe8 21. Qc2 Bxd4 22. Qxa4 Bxb2 23. Qb3 Qd7 24. a4 Bf6 25. h3 g6 26. a5 Bd8 27. Qa4 Qd5 28. a6 bxa6 29. Qxa6 Qd1+ 30. Kh2 Bc7+ 31. g3 Qxf3 32. Qc8+ Kg7 33.
Qxc7 Qxf2+ 34. Kh1 Qf3+ 35. Kh2 Qe2+ 36. Kh1 Qd1+ 37. Kh2 Qd2+ 38. Kh1 Qd5+ 39. Kh2 c5 40. Qa5 Qd4 41. h4 h6 42. h5 Qf2+ 43. Kh1 Qf3+ 44. Kg1 Qxg3+ 45. Kh1 Qf3+ 46. Kg1 Qg4+ 47. Kh2 Qxh5+ 48. Kg1 Qg5+ 49. Kh1 Qe5 50. Qa3 c4 51. Qg3 Qd4 52. Qf2 Qa1+ 53. Kh2 Qe5+ 54. Qg3 Qxg3+ 55. Kh1 Qg4 56. Kh2 Kf6 57. Kh1 Kf5 58. Kh2 Kf4 59.
Kh1 Kf3 60. Kh2 Qg2# 0-1

[Event "Early-Titled-Tuesday-Blitz-March-19-2024"]
[Site "Chess.com"]
[Date "2024.03.19"]
[Round "6"]
[White "vladoboch"]
[Black "ChessSwole"]
[Result "0-1"]
[WhiteElo "2462"]
[BlackElo "2691"]
[TimeControl "180+1"]
[EndTime "9:06:12 PDT"]
[Termination "ChessSwole won by resignation"]

1. e4 c5 2. Nf3 e6 3. d4 cxd4 4. Nxd4 a6 5. c4 Nf6 6. Nc3 Qc7 7. a3 b6 8. Be3 Bb7 9. f3 Nc6 10. Be2 Be7 11. Rc1 O-O 12. O-O Bd6 13. f4 Nxd4 14.
Qxd4 Bc5 15. Qd3 d6 16. b4 Bxe3+ 17. Qxe3 Rfd8 18. Rce1 d5 19. e5 d4 20. Qg3 Ne8 21. Nd1 g6 22. Bd3 Ng7 23. Nf2 Nf5 24. Qh3 Ne3 25. Ng4 Bxg2 26. Nf6+ Kf8 27. Nxh7+ Kg7 28.
Qh4 Bxf1 29. Bxf1 Rh8 0-1

[Event "Early-Titled-Tuesday-Blitz-March-19-2024"]
[Site "Chess.com"]
[Date "2024.03.19"]
[Round "6"]
[White "AsselLesbekova"]
[Black "CatLoverPL"]
[Result "0-1"]
[WhiteElo "2303"]
[BlackElo "2497"]
[TimeControl "180+1"]
[EndTime "9:06:12 PDT"]
[Termination "CatLoverPL won by resignation"]

1. e4 g6 2. h4 h5 3. d4 Bg7 4. c3 c5 5. dxc5 Qc7 6. Be3 Na6 7. Bd4 Nf6 8. b4 O-O 9. Bd3 d6 10. cxd6 exd6 11. Ne2 Re8 12. Nd2 d5 13. exd5 Nxd5 14.
Bxg7 Kxg7 15. O-O Bg4 16. Qb3 Bxe2 17. Bxe2 Rxe2 18. Qxd5 Rd8 19. Qf3 Rdxd2 20. a4 Nb8 21. b5 Nd7 22. a5 Ne5 23. Qg3 Qc5 24. Rae1 Qxb5 25. Rxe2 Qxe2 26. Qf4 Ng4 27. g3 Rd1 28. Rxd1 Qxd1+ 29. Kg2 Qd5+ 30. Kg1 Ne5 31. Qb4 Nf3+ 32. Kf1 Nd2+ 33. Ke2 Ne4 34. Ke3 Nd6 35. c4 Nxc4+ 36. Ke2 Nxa5 0-1

[Event "Early-Titled-Tuesday-Blitz-March-19-2024"]
[Site "Chess.com"]
[Date "2024.03.19"]
[Round "6"]
[White "TERMINATOR_PC"]
[Black "SAInt_666"]
[Result "1-0"]
[WhiteElo "2577"]
[BlackElo "2735"]
[TimeControl "180+1"]
[EndTime "9:06:13 PDT"]
[Termination "TERMINATOR_PC won by checkmate"]

1. e4 c5 2. Nf3 d6 3. d4 cxd4 4. Nxd4 Nf6 5. Nc3 Nc6 6. Bg5 e6 7. Qd3 Bd7 8. O-O-O a6 9. Kb1 Be7 10. f4 b5 11. Bxf6 gxf6 12. Qg3 Bf8 13. Nxc6 Bxc6 14.
Bd3 b4 15. Ne2 Qb6 16. Rhe1 h5 17. h4 Qc5 18. Ng1 a5 19. Nf3 a4 20. e5 dxe5 21.
fxe5 f5 22. Qf4 a3 23. Bxf5 exf5 24. e6 f6 25. e7 Bh6 26. Qc7 b3 27. Rd8+ Kf7 28.
e8=Q# 1-0

[Event "Early-Titled-Tuesday-Blitz-March-19-2024"]
[Site "Chess.com"]
[Date "2024.03.19"]
[Round "6"]
[White "GMKrikor"]
[Black "LornerAcosta"]
[Result "1-0"]
[WhiteElo "2894"]
[BlackElo "2607"]
[TimeControl "180+1"]
[EndTime "9:06:16 PDT"]
[Termination "GMKrikor won by resignation"]

1. Nf3 d5 2. c4 e6 3. d4 Nf6 4.
Nc3 Be7 5. cxd5 exd5 6. Bf4 c6 7. h3 h6 8. e3 Bf5 9. Bd3 Bxd3 10.
Qxd3 Nbd7 11. g4 Nf8 12. a3 Ne6 13. Bg3 Bd6 14. Ne5 Bxe5 15. Bxe5 Qe7 16. O-O-O O-O-O 17.
Kb1 Nf8 18. Rc1 Kd7 19. f3 Ng6 20. Bg3 Ke8 21. Rhe1 Kf8 22. h4 Kg8 23. h5 Nf8 24.
Bh4 g5 25. hxg6 Nxg6 26. Bg3 Kg7 27. Rh1 h5 28. g5 Ne8 29. f4 Nf8 30. f5 Kg8 31.
Rcg1 Nd6 32. Be5 Rh7 33. f6 Qd7 34. g6 fxg6 35. Rxg6+ Nxg6 36. Qxg6+ Kf8 37. Bxd6+ Qxd6 38. Qxh7 Qxf6 39. Qxh5 1-0

[Event "Early-Titled-Tuesday-Blitz-March-19-2024"]
[Site "Chess.com"]
[Date "2024.03.19"]
[Round "6"]
[White "Zohid6"]
[Black "tetrix83"]
[Result "1-0"]
[WhiteElo "2869"]
[BlackElo "2603"]
[TimeControl "180+1"]
[EndTime "9:06:22 PDT"]
[Termination "Zohid6 won by checkmate"]

1. e4 c5 2. Nf3 e6 3. c3 Nf6 4. d3 Nc6 5. g3 d5 6. e5 Nd7 7. d4 b6 8. Nbd2 Be7 9. h4 O-O 10. Bd3 cxd4 11. Bxh7+ Kxh7 12. Ng5+ Kg6 13. h5+ Kh6 14.
Ndf3 Ndxe5 15. Nxe5 Bxg5 16. Nxc6 Qd6 17. Bxg5+ Kxg5 18. h6 g6 19. Qxd4 e5 20. Nxe5 Re8 21.
Qf4# 1-0

[Event "Early-Titled-Tuesday-Blitz-March-19-2024"]
[Site "Chess.com"]
[Date "2024.03.19"]
[Round "6"]
[White "arnash_bauyrzhan"]
[Black "Matrix3x3a"]
[Result "0-1"]
[WhiteElo "2365"]
[BlackElo "2635"]
[TimeControl "180+1"]
[EndTime "9:06:22 PDT"]
[Termination "Matrix3x3a won on time"]

1. e4 c5 2. Nf3 d6 3. Bb5+ Nd7 4. d4 cxd4 5. Qxd4 a6 6. Bxd7+ Qxd7 7. O-O e5 8. Qd3 Qc6 9. c4 Be6 10. b3 b5 11. Na3 Nf6 12. cxb5 Qxe4 13. Qxe4 Nxe4 14.
bxa6 Rxa6 15. Nb5 Kd7 16. Be3 f5 17. Rfc1 Rc6 18. Na7 Rxc1+ 19. Rxc1 Be7 20. Bb6 Bd8 21. Nc8 g5 22. Bxd8 Rxd8 23. Nb6+ Ke7 24. Rc7+ Kf6 25. Rxh7 Rb8 26. Nd7+ Bxd7 27. Rxd7 Ke6 28. Rc7 g4 29. Ne1 Nc5 30. Kf1 Ra8 31. a4 Nxb3 32. Rc4 Nc5 33. Ke2 Nxa4 34. Nd3 Nb6 35. Rc2 Nd5 36. f3 Rh8 37.
fxg4 fxg4 0-1

[Event "Early-Titled-Tuesday-Blitz-March-19-2024"]
[Site "Chess.com"]
[Date "2024.03.19"]
[Round "6"]
[White "Golubovsky"]
[Black "Felix-Rose"]
[Result "1-0"]
[WhiteElo "2510"]
[BlackElo "2254"]
[TimeControl "180+1"]
[EndTime "9:06:22 PDT"]
[Termination "Golubovsky won by resignation"]

1. c4 e6 2. Nc3 d5 3. d4 Nf6 4. Bg5 Be7 5. cxd5 exd5 6. e3 c6 7. Bd3 Nbd7 8. Nge2 h6 9. Bh4 Nh5 10. Bxe7 Qxe7 11. O-O O-O 12. Qd2 Nb6 13. Rae1 Bd7 14. f3 c5 15. e4 dxe4 16. Bxe4 cxd4 17. Nxd4 Qc5 18. Bxb7 Rad8 19. Ne4 Qc7 20. Ba6 Bc8 21. Bxc8 Qxc8 22. Qf2 Nf4 23. Rd1 Qc4 24. b3 Qd5 25. Rd2 Qe5 26. Nc6 Rxd2 27. Nxe5 Rxf2 28. Kxf2 Re8 29.
Nc6 f5 30. Nc3 Kh7 31. Rd1 Rc8 32. Rd6 Rc7 33. Nb5 Re7 34. Nxe7 1-0

[Event "Early-Titled-Tuesday-Blitz-March-19-2024"]
[Site "Chess.com"]
[Date "2024.03.19"]
[Round "6"]
[White "Slovineanu"]
[Black "GlavkonVVS"]
[Result "0-1"]
[WhiteElo "2499"]
[BlackElo "2696"]
[TimeControl "180+1"]
[EndTime "9:06:23 PDT"]
[Termination "GlavkonVVS won by resignation"]

1. d4 Nf6 2. Nf3 c5 3. d5 e6 4. Nc3 exd5 5. Nxd5 Nxd5 6. Qxd5 d6 7. Ng5 Qc7 8. Nxh7 Be6 9. Qh5 Nd7 10. Nf6+ Nxf6 11.
Qxh8 O-O-O 12. Qh4 d5 13. e3 d4 14. exd4 Rxd4 15.
Qg3 Bd6 16. Qxg7 Re4+ 17. Be2 Rxe2+ 18. Kxe2 Bc4+ 19. Ke1 Be5 20. Qf8+ Kd7 21. Bd2 Bxb2 22. Rd1 Qe5+ 23. Be3+ Kc6 24. Qc8+ Kb6 25. Qd8+ Kb5 26.
Rb1 Bxa2 27. Qd3+ c4 28. Rxb2+ Qxb2 29. Qf5+ Ka4 30. Ke2 Bb3 31. Kf3 Bxc2 32. Qe5 Qxe5 0-1

[Event "Early-Titled-Tuesday-Blitz-March-19-2024"]
[Site "Chess.com"]
[Date "2024.03.19"]
[Round "6"]
[White "TigrVShlyape"]
[Black "nikitakhoroshev"]
[Result "1-0"]
[WhiteElo "2907"]
[BlackElo "2690"]
[TimeControl "180+1"]
[EndTime "9:06:24 PDT"]
[Termination "TigrVShlyape won by resignation"]

1. e4 e5 2. Nf3 Nc6 3. Bb5 a6 4. Ba4 Nf6 5. O-O b5 6. Bb3 Bb7 7. c3 Nxe4 8. Re1 Nc5 9. Bc2 Ne6 10. Nxe5 Nxe5 11. Rxe5 Bd6 12. Re1 Qh4 13. g3 Qh3 14. Be4 Bxe4 15. Rxe4 h5 16. Qf3 Rd8 17. Rh4 Ng5 18.
Qe3+ Qe6 19. Qxg5 Qe1+ 20. Kg2 Be7 21. Qe3 Qxe3 22. dxe3 Bxh4 23. gxh4 d5 24. Nd2 Rh6 25. Nf3 Rg6+ 26. Kf1 c5 27. Bd2 Rc6 28. Ke2 f6 29. a4 Kf7 30. axb5 axb5 31. b4 cxb4 32. cxb4 Rdd6 33.
Ra5 Ra6 34. Rxb5 Ra2 35. Rb7+ Ke6 36. b5 g6 37. Rg7 Rb6 38. Nd4+ Ke5 39. f4+ Kd6 40. Kd3 Ra3+ 41. Bc3 Rb8 42. Kd2 Rc8 43. Bb4+ 1-0

[Event "Early-Titled-Tuesday-Blitz-March-19-2024"]
[Site "Chess.com"]
[Date "2024.03.19"]
[Round "6"]
[White "Stanbad1"]
[Black "martinmena"]
[Result "1-0"]
[WhiteElo "2539"]
[BlackElo "2268"]
[TimeControl "180+1"]
[EndTime "9:06:26 PDT"]
[Termination "Stanbad1 won on time"]

1. d4 d5 2. c4 e6 3. Nc3 Nf6 4.
cxd5 exd5 5. Bg5 Be7 6. e3 Nbd7 7. Bd3 c6 8. Nge2 O-O 9. O-O Re8 10. Qd2 Nf8 11.
f3 Nh5 12. Bxe7 Qxe7 13. e4 Be6 14. Rfe1 dxe4 15. fxe4 Rad8 16. Kh1 Ng6 17. Qe3 Qh4 18.
Rf1 Bg4 19. g3 Qe7 20. Nf4 Nhxf4 21. gxf4 Nh4 22. Qf2 Nf3 23. d5 cxd5 24. Nxd5 Rxd5 25. exd5 Qd6 26. Qg2 Qxd5 27. Rad1 Bh3 28. Bxh7+ Kh8 29. Rxd5 Bxg2+ 30. Kxg2 Nh4+ 31. Kg3 Kxh7 32. Rh5+ Kg6 33. Rg5+ Kh6 34. Kxh4 1-0

[Event "Early-Titled-Tuesday-Blitz-March-19-2024"]
[Site "Chess.com"]
[Date "2024.03.19"]
[Round "6"]
[White "alvarorodriguezavila"]
[Black "pfalcon1949"]
[Result "1-0"]
[WhiteElo "2336"]
[BlackElo "1980"]
[TimeControl "180+1"]
[EndTime "9:06:26 PDT"]
[Termination "alvarorodriguezavila won on time"]

1. e4 e6 2. d4 d5 3. e5 c5 4.
c3 Nc6 5. Nf3 Qb6 6. Bd3 Bd7 7.
O-O cxd4 8. Re1 a6 9. Nbd2 Bc5 10. Nb3 dxc3 11. Nxc5 Qxc5 12. bxc3 Nge7 13. Qb3 b5 14. Ba3 Qa7 15. Bd6 h6 16. a4 bxa4 17. Rxa4 O-O 18. Rxa6 Qxa6 19. Bxa6 Rxa6 20. Bxe7 Nxe7 21. Qb7 Bb5 22.
Qxe7 Rfa8 23. h3 Ra2 24. Nd4 Bd3 25. Qh4 Rb2 26. Qg3 Be4 27. f3 Bg6 28. Re2 Ra1+ 29. Kf2 Rbb1 30. Qf4 Bd3 31. Rd2 Rf1+ 32. Kg3 Bc4 33.
Nc2 Rac1 34. Ne3 1-0

[Event "Early-Titled-Tuesday-Blitz-March-19-2024"]
[Site "Chess.com"]
[Date "2024.03.19"]
[Round "6"]
[White "MKlose11"]
[Black "HamedWafa4"]
[Result "0-1"]
[WhiteElo "2592"]
[BlackElo "2821"]
[TimeControl "180+1"]
[EndTime "9:06:30 PDT"]
[Termination "HamedWafa4 won by resignation"]

1. e4 e5 2. Nf3 Nc6 3. d4 exd4 4.
Bc4 Bc5 5. Ng5 Nh6 6. Nxf7 Nxf7 7. Bxf7+ Kxf7 8. Qh5+ g6 9. Qxc5 d5 10. e5 Nxe5 11. O-O Nc6 12. Nd2 Qd6 13. Qxd6 cxd6 14. Nb3 Bf5 15. c3 dxc3 16. bxc3 Rhe8 17. Be3 Rac8 18.
Rfd1 Be4 19. Nd4 a6 20. h3 Na5 21. Rac1 Nc4 22. Bf4 Rc5 23. f3 Bf5 24. Re1 Rxe1+ 25.
Rxe1 Bd7 26. Bg5 Ne5 27. f4 Nc6 28. Nxc6 Bxc6 29. Re7+ Kf8 30. Bf6 d4 31. cxd4 Rf5 32. Bh4 g5 0-1

[Event "Early-Titled-Tuesday-Blitz-March-19-2024"]
[Site "Chess.com"]
[Date "2024.03.19"]
[Round "6"]
[White "HelvertHernandez"]
[Black "RianKapriaga"]
[Result "0-1"]
[WhiteElo "2031"]
[BlackElo "2343"]
[TimeControl "180+1"]
[EndTime "9:06:31 PDT"]
[Termination "RianKapriaga won by checkmate"]

1. e4 c6 2. d4 d5 3. Nc3 dxe4 4. Nxe4 Bf5 5. Ng3 Bg6 6. h4 h6 7. Nf3 Nd7 8. h5 Bh7 9. Bd3 Bxd3 10. Qxd3 e6 11.
Bf4 Qa5+ 12. Bd2 Bb4 13. c3 Be7 14. c4 Qc7 15. O-O Ngf6 16. Rfe1 O-O 17. Bc3 Bd6 18. Ne5 Rad8 19. Qe2 c5 20. f4 cxd4 21. Bxd4 Bc5 22. Qf2 Bxd4 23. Qxd4 Nxe5 24. Qxe5 Qxc4 25. b3 Qd4+ 26. Qxd4 Rxd4 27. Rac1 Rfd8 28. Rc7 R8d7 29. Rc8+ Kh7 30. Rec1 Rxf4 31. Ra8 Rh4 32. Rxa7 Nxh5 33. Ne2 Nf4 34. Nxf4 Rxf4 35. Rc8 g5 36. Rb8 Kg7 37.
Rbxb7 Rd1+ 38. Kh2 h5 39. b4 h4 40. Ra3 g4 41. g3 Rf2# 0-1

[Event "Early-Titled-Tuesday-Blitz-March-19-2024"]
[Site "Chess.com"]
[Date "2024.03.19"]
[Round "6"]
[White "Rutricks"]
[Black "the_chess_child"]
[Result "0-1"]
[WhiteElo "2717"]
[BlackElo "2874"]
[TimeControl "180+1"]
[EndTime "9:06:32 PDT"]
[Termination "the_chess_child won by resignation"]

1. Nc3 Nf6 2. d4 d5 3. Bf4 g6 4.
Qd2 Bg7 5. O-O-O O-O 6. f3 c6 7. Bh6 b5 8. h4 Nbd7 9. h5 Nb6 10. e4 dxe4 11. Bxg7 Kxg7 12. hxg6 fxg6 13. Qh6+ Kg8 14.
Nxe4 Rf7 15. Bd3 Qf8 16. Qh4 Nxe4 17. fxe4 h5 18. Nf3 Bg4 19. Rdg1 Nc4 20. Bxc4 bxc4 21. Ne5 c3 22. Nxg4 cxb2+ 23. Kb1 Rf4 24. Nh6+ Qxh6 25. Qxe7 Qg7 26. g4 Qxe7 0-1

[Event "Early-Titled-Tuesday-Blitz-March-19-2024"]
[Site "Chess.com"]
[Date "2024.03.19"]
[Round "6"]
[White "IsaqueGoncalvesSanto"]
[Black "Chessbard1972"]
[Result "0-1"]
[WhiteElo "1876"]
[BlackElo "2330"]
[TimeControl "180+1"]
[EndTime "9:06:33 PDT"]
[Termination "Chessbard1972 won by checkmate"]

1. d4 Nf6 2. c4 g6 3. Nc3 Bg7 4. e4 d6 5. f3 O-O 6. Be3 Nbd7 7. Qd2 Re8 8. Bd3 c5 9. d5 Ne5 10. Nge2 e6 11. b3 exd5 12. cxd5 a6 13. Bc2 b5 14. O-O b4 15. Na4 a5 16. Rad1 Ba6 17.
Nb2 c4 18. bxc4 Nxc4 19. Nxc4 Bxc4 20. Bd3 Rc8 21. Bxc4 Rxc4 22. Nd4 Nd7 23. Nc6 Qa8 24. Bd4 Ne5 25. Rc1 Nxc6 26. Rxc4 Nxd4 27. Rxd4 Qa7 28. Rd1 Rc8 29. Kf1 Bxd4 30. Qxd4 Qxd4 31. Rxd4 Rc2 32. e5 Kf8 33. exd6 Ke8 34. Re4+ Kd7 35. Re2 Rxe2 36. Kxe2 Kxd6 37. Kd3 Kxd5 38. f4 f5 39. g3 a4 40. h3 b3 41. axb3 axb3 42. Kc3 Ke4 43. Kxb3 Kf3 44. g4 Kxf4 45. gxf5 gxf5 46.
Kc3 Ke3 47. Kc2 Ke2 48. Kc3 f4 49. Kd4 f3 50. Ke4 f2 51. Kf4 f1=Q+ 52. Kg3 Ke3 53. Kh2 Kf3 54. h4 Qg2# 0-1

[Event "Early-Titled-Tuesday-Blitz-March-19-2024"]
[Site "Chess.com"]
[Date "2024.03.19"]
[Round "6"]
[White "Kotofeyca"]
[Black "profedechess93"]
[Result "0-1"]
[WhiteElo "2449"]
[BlackElo "2649"]
[TimeControl "180+1"]
[EndTime "9:06:36 PDT"]
[Termination "profedechess93 won on time"]

1. d4 d5 2. c4 c6 3. Nc3 Nf6 4. Nf3 dxc4 5. a4 Bf5 6. Ne5 Nbd7 7. Nxc4 Qc7 8. f3 e5 9. dxe5 Nxe5 10. e4 Rd8 11.
Qc2 Be6 12. Nxe5 Qxe5 13. f4 Qc5 14. f5 Bc4 15. Bxc4 Qxc4 16. Bg5 Be7 17. Qe2 Rd4 18. Rd1 Rxd1+ 19. Kxd1 Qb3+ 20. Qc2 Qc4 21. Kc1 h6 22. Bf4 O-O 23. Rd1 Bb4 24. g3 Bxc3 25. bxc3 Qxe4 26.
Qxe4 Nxe4 27. Rd7 b5 28. a5 Ra8 0-1

[Event "Early-Titled-Tuesday-Blitz-March-19-2024"]
[Site "Chess.com"]
[Date "2024.03.19"]
[Round "6"]
[White "Mops_2004"]
[Black "Chess_Gainz"]
[Result "1-0"]
[WhiteElo "2741"]
[BlackElo "2539"]
[TimeControl "180+1"]
[EndTime "9:06:37 PDT"]
[Termination "Mops_2004 won on time"]

1. e4 d6 2. d4 Nf6 3. f3 Nbd7 4. c4 e5 5. d5 Be7 6. Be3 O-O 7. Bd3 c6 8. Ne2 a6 9. O-O cxd5 10. cxd5 b5 11.
Nbc3 Nc5 12. Bc2 b4 13. Na4 Nxa4 14. Bxa4 a5 15. Bc6 Ra6 16. a3 Nd7 17. Qd3 Nc5 18. Qc4 bxa3 19. Rxa3 Rb6 20. Bxc5 dxc5 21. Qc2 Bb7 22.
Bxb7 Rxb7 23. Rfa1 Qb6 24. Rxa5 Qxb2 25. R5a2 Qb6 26.
g3 Bg5 27. Kg2 Be3 28. Ra6 Qb5 29. R1a5 Qb2 30. Ra2 Qb5 31. Nc3 Qc4 32. d6 Bd4 33. Nd5 Qxc2+ 34. Rxc2 Rd8 35. f4 1-0

[Event "Early-Titled-Tuesday-Blitz-March-19-2024"]
[Site "Chess.com"]
[Date "2024.03.19"]
[Round "6"]
[White "nicolasbatista3"]
[Black "grandcoach"]
[Result "1-0"]
[WhiteElo "2475"]
[BlackElo "2245"]
[TimeControl "180+1"]
[EndTime "9:06:37 PDT"]
[Termination "nicolasbatista3 won by resignation"]

1. d4 Nf6 2. c4 e6 3. Nc3 Bb4 4. f3 d5 5. a3 Be7 6. e4 dxe4 7. fxe4 e5 8. d5 Bc5 9. Bg5 h6 10. Bxf6 Qxf6 11. Nf3 Bg4 12. Be2 Bxf3 13. Bxf3 O-O 14.
Nb5 Na6 15. b4 Bd4 16. Nxd4 exd4 17. O-O Qe5 18. c5 Rad8 19. Qd3 Nb8 20. Rad1 Nd7 21. Qxd4 Qxd4+ 22. Rxd4 Ne5 23. Rfd1 Rfe8 24. Kf2 g5 25. h3 Kg7 26. a4 Kg6 27. Bg4 Nxg4+ 28.
hxg4 Kf6 29. Ke3 Ke5 30. Rf1 1-0

[Event "Early-Titled-Tuesday-Blitz-March-19-2024"]
[Site "Chess.com"]
[Date "2024.03.19"]
[Round "6"]
[White "RebecaJimnz"]
[Black "HandKnit"]
[Result "0-1"]
[WhiteElo "2250"]
[BlackElo "2502"]
[TimeControl "180+1"]
[EndTime "9:06:41 PDT"]
[Termination "HandKnit won on time"]

1. e4 d6 2. d4 Nf6 3. Nc3 e5 4.
dxe5 dxe5 5. Qxd8+ Kxd8 6. Bc4 Be6 7. Bxe6 fxe6 8. Nf3 Bd6 9. Be3 Ke7 10. O-O-O a6 11.
h3 Nc6 12. Nd2 Raf8 13. f3 Nh5 14. Nc4 Nf4 15. Rd2 h6 16. Rhd1 Rd8 17. Na4 b5 18.
Nxd6 cxd6 19. Nb6 g5 20. a4 Rhf8 21. c3 Na5 22. Kc2 bxa4 23. b4 axb3+ 24. Kb2 d5 25. Ra1 Nc4+ 26. Nxc4 dxc4 27. Rxa6 Nd3+ 0-1

[Event "Early-Titled-Tuesday-Blitz-March-19-2024"]
[Site "Chess.com"]
[Date "2024.03.19"]
[Round "6"]
[White "chess94cu"]
[Black "Flaccidmoves"]
[Result "1-0"]
[WhiteElo "2631"]
[BlackElo "2440"]
[TimeControl "180+1"]
[EndTime "9:06:42 PDT"]
[Termination "chess94cu won by checkmate"]

1. d4 Nf6 2. c4 g6 3. g3 Bg7 4.
Bg2 O-O 5. Nc3 c6 6. Nf3 d5 7. cxd5 cxd5 8. O-O Nc6 9. Ne5 Be6 10. Nxc6 bxc6 11. b3 Qd7 12. Ba3 Rfe8 13. Rc1 Bh3 14. Na4 Bxg2 15. Kxg2 Ne4 16. h4 e5 17. Bb2 Bh6 18. e3 f6 19. h5 Qf5 20. hxg6 hxg6 21. dxe5 fxe5 22. Rxc6 Rad8 23. Nc5 d4 24. exd4 exd4 25.
Nxe4 Qxe4+ 26. Qf3 Qxf3+ 27. Kxf3 Rf8+ 28. Kg2 d3 29.
Rxg6+ Kh7 30. Ra6 Rf7 31. Rh1 d2 32. Raxh6+ Kg8 33. Rh8# 1-0

[Event "Early-Titled-Tuesday-Blitz-March-19-2024"]
[Site "Chess.com"]
[Date "2024.03.19"]
[Round "6"]
[White "The_Straightforward_Rook"]
[Black "Iskusnyh"]
[Result "0-1"]
[WhiteElo "2422"]
[BlackElo "2634"]
[TimeControl "180+1"]
[EndTime "9:06:42 PDT"]
[Termination "Iskusnyh won on time"]

1. e4 e6 2. Nf3 d5 3. Nc3 Nf6 4. e5 Nfd7 5. d4 c5 6. dxc5 Nc6 7. Bf4 Be7 8. Bd3 Nxc5 9. O-O g5 10. Be3 g4 11.
Nd4 Nxd3 12. Nxc6 Nxb2 13. Qc1 bxc6 14. Qxb2 Qc7 15. Ne2 Rb8 16. Qc3 Ba6 17. Qd2 Bxe2 18. Qxe2 Qxe5 19. Qxg4 h5 20. Qa4 Qc7 21. f4 Rb4 22. Qxa7 Qxa7 23. Bxa7 Ra4 24. Be3 Kd7 25. Rfb1 Rha8 26. Rb7+ Ke8 27. a3 Bxa3 28. Kf2 Bd6 29. Rxa4 Rxa4 30. g3 Rc4 31. Kf3 Rxc2 0-1

[Event "Early-Titled-Tuesday-Blitz-March-19-2024"]
[Site "Chess.com"]
[Date "2024.03.19"]
[Round "6"]
[White "Sattarov_Bobur"]
[Black "DonkyDonkyDonkey"]
[Result "0-1"]
[WhiteElo "2827"]
[BlackElo "2978"]
[TimeControl "180+1"]
[EndTime "9:06:45 PDT"]
[Termination "DonkyDonkyDonkey won by resignation"]

1. e4 c5 2. Nf3 d6 3. d4 cxd4 4.
Nxd4 Nf6 5. f3 g6 6. Nc3 Bg7 7. Be3 O-O 8. Qd2 Nc6 9. g4 Bd7 10.
O-O-O Rc8 11. h4 h5 12. g5 Ne8 13. f4 a6 14. f5 Ne5 15. Kb1 Nc7 16. Bh3 b5 17.
Rdf1 b4 18. Nce2 Nb5 19. f6 Bh8 20. Bxd7 Qxd7 21. Nxb5 Qxb5 22. Nd4 Qd7 23. Qe2 Ng4 24. Rhg1 Rfe8 25. Nf5 gxf5 26. Rxf5 exf6 27. Rxg4 hxg4 28. Qxg4 Rxe4 29. Qxe4 Re8 30. Qg4 Rxe3 31. gxf6+ Kf8 32.
Qg1 Qxf5 0-1

[Event "Early-Titled-Tuesday-Blitz-March-19-2024"]
[Site "Chess.com"]
[Date "2024.03.19"]
[Round "6"]
[White "kleber2007"]
[Black "GeorgiosSouleidis"]
[Result "1-0"]
[WhiteElo "2473"]
[BlackElo "2669"]
[TimeControl "180+1"]
[EndTime "9:06:46 PDT"]
[Termination "kleber2007 won by resignation"]

1. Nf3 Nf6 2. g3 g6 3. b3 Bg7 4. Bb2 O-O 5. Bg2 d6 6. d4 e5 7. dxe5 dxe5 8. Qxd8 Rxd8 9. Nxe5 c6 10. Nd2 Na6 11. Nd3 Re8 12. Bf3 Nd5 13. Bxg7 Kxg7 14. Bxd5 cxd5 15. e3 Bf5 16. O-O-O Rac8 17. Kb2 Bxd3 18.
cxd3 Nb4 19. Nf3 Rc2+ 20. Ka3 a5 21. Rd2 Rec8 22. Rhd1 Nxa2 23. Nd4 Rxd2 24. Rxd2 Nc3 25. Rc2 b5 26. Kb2 b4 27. Kc1 Kf6 28. Nb5 Ke5 29. Nxc3 bxc3 30. Ra2 d4 31. Rxa5+ Kf6 32. exd4 Rd8 33.
Kc2 Rxd4 34. Kxc3 Rd8 35. b4 Re8 36. b5 Re2 37. Ra4 Ke7 38. Re4+ 1-0

[Event "Early-Titled-Tuesday-Blitz-March-19-2024"]
[Site "Chess.com"]
[Date "2024.03.19"]
[Round "6"]
[White "SARGISMV"]
[Black "LeRoidesChampions"]
[Result "1-0"]
[WhiteElo "2501"]
[BlackElo "2659"]
[TimeControl "180+1"]
[EndTime "9:06:48 PDT"]
[Termination "SARGISMV won by resignation"]

1. d4 Nf6 2. c4 g6 3. Nc3 Bg7 4. e4 O-O 5. Be2 d6 6. Nf3 e5 7. O-O Nc6 8. d5 Ne7 9. Ne1 Ne8 10. Nd3 f5 11. Bd2 Nf6 12. f3 f4 13. c5 g5 14. cxd6 cxd6 15. Nf2 h5 16. h3 a6 17. Qc2 Bd7 18. a4 Rc8 19. Rfc1 Bh6 20. Qd1 Rf7 21. a5 Rg7 22. Na4 g4 23. hxg4 hxg4 24.
Rxc8 Bxc8 25. fxg4 Ng6 26. Nb6 Nh4 27. Nxc8 Qxc8 28.
Ra3 Qc5 29. b4 Qa7 30. Kf1 Rc7 31. Rc3 Rxc3 32. Bxc3 Qe3 33. Qd3 Nxg2 34. Kxg2 Qc1 35.
Bf3 Bg5 36. Bd2 Qc7 37. Qc3 Qg7 38. Qc8+ Kh7 39. Qf5+ Kh8 40. Nh3 Bh4 41. g5 Nh7 42. Qc8+ Nf8 43. Nxf4 exf4 44. Bc3 1-0

[Event "Early-Titled-Tuesday-Blitz-March-19-2024"]
[Site "Chess.com"]
[Date "2024.03.19"]
[Round "6"]
[White "Barmen_EV"]
[Black "ActorXu"]
[Result "0-1"]
[WhiteElo "2562"]
[BlackElo "2830"]
[TimeControl "180+1"]
[EndTime "9:06:48 PDT"]
[Termination "ActorXu won on time"]

1. e4 e5 2. Nf3 Nc6 3. d4 exd4 4. Bc4 Bc5 5. O-O Nf6 6. c3 Nxe4 7. cxd4 d5 8. dxc5 dxc4 9. Qe2 Qd3 10. Qxd3 cxd3 11. Re1 f5 12. Nc3 O-O 13. Nxe4 fxe4 14. Rxe4 Bf5 15. Rf4 Rad8 16. Bd2 Rd5 17. b4 Re8 18. h3 Re2 19. b5 Ne7 20. Rc1 Be4 21. Bb4 Bxf3 22. Rxf3 d2 23. Rd1 Ng6 24. Kf1 Ree5 25.
Rxd2 Rxd2 26. Bxd2 Rxc5 27. a4 Rc4 28. a5 Rc5 29.
Rb3 b6 30. axb6 axb6 31. g3 Kf7 32. Ke2 Ne5 0-1

[Event "Early-Titled-Tuesday-Blitz-March-19-2024"]
[Site "Chess.com"]
[Date "2024.03.19"]
[Round "6"]
[White "GreenPeach24"]
[Black "InitiatingASC"]
[Result "1-0"]
[WhiteElo "2563"]
[BlackElo "2355"]
[TimeControl "180+1"]
[EndTime "9:06:48 PDT"]
[Termination "GreenPeach24 won on time"]

1. e4 c5 2. Nf3 Nc6 3. Bb5 Nf6 4. e5 Nd5 5. Nc3 Nc7 6. Bxc6 bxc6 7. d3 g6 8. Bg5 Bg7 9. Qd2 h6 10. Be3 Ne6 11. Ne4 d6 12. exd6 exd6 13. d4 d5 14. Nxc5 Nxc5 15. dxc5 Bxb2 16. Bd4 Bxd4 17. Nxd4 Qf6 18. O-O O-O 19. Rfe1 Kg7 20. Re3 Bd7 21. Rae1 Rfe8 22. Rxe8 Rxe8 23. Rxe8 Bxe8 24. Qe3 Bd7 25. c3 h5 26. f3 h4 27. Kf2 h3 28. g3 g5 29. Ke2 g4 30. f4 Bf5 31. Qe5 Qxe5+ 32. fxe5 Bd7 33. Ke3 Kg6 34. Kf4 Kh5 35.
Nf5 Be6 36. Ne7 Bd7 37. Ng8 Kg6 38. Nf6 1-0